[ AOE2 MATCH · #476096142 ]
UnrankedKhmer vs Vikings
[ REPLAY ANALYSIS · EXTRACTED FROM THE RECORDED GAME ]
Feudal
11:56
Castle
14:48
Imperial
28:14
| APM avg | 21.4 |
| APM peak | 100 |
| eAPM avg | 17.2 |
| Villagers / military | 160 / 335 |
Focus
⚔️ 21.0% · 🌾 79.0%
Scout Cavalry ×167 · Scorpion ×75 · Battle Elephant ×62 · Trade Cart ×22 · Ballista Elephant ×17 · Battering Ram ×6
Feudal
12:16
Castle
20:25
Imperial
33:57
| APM avg | 21.8 |
| APM peak | 64 |
| eAPM avg | 16.3 |
| Villagers / military | 197 / 87 |
Focus
⚔️ 14.9% · 🌾 85.1%
Knight ×86 · Trade Cart ×29 · Fishing Ship ×12 · Monk ×1
Feudal
11:08
Castle
15:29
Imperial
33:17
| APM avg | 21.7 |
| APM peak | 49 |
| eAPM avg | 16.7 |
| Villagers / military | 156 / 750 |
Focus
⚔️ 33.6% · 🌾 66.4%
Archer ×383 · Spearman ×222 · War Elephant ×129 · Fishing Ship ×37 · Trade Cart ×27 · Bombard Cannon ×10
Feudal
16:01
Castle
20:59
Imperial
37:54
| APM avg | 25.1 |
| APM peak | 74 |
| eAPM avg | 14.9 |
| Villagers / military | 140 / 386 |
Focus
⚔️ 32.0% · 🌾 68.0%
Militia ×165 · Spearman ×130 · Longbowman ×77 · Trade Cart ×26 · Trebuchet (Packed) ×12 · Fishing Ship ×5
Feudal
14:02
Castle
20:08
Imperial
36:33
| APM avg | 26.7 |
| APM peak | 74 |
| eAPM avg | 20.5 |
| Villagers / military | 123 / 441 |
Focus
⚔️ 29.1% · 🌾 70.9%
Berserk ×169 · Militia ×128 · Skirmisher ×110 · Spearman ×26 · Trade Cart ×14 · Mangonel ×6
Feudal
11:53
Castle
17:32
Imperial
41:42
| APM avg | 20.3 |
| APM peak | 53 |
| eAPM avg | 14.9 |
| Villagers / military | 109 / 182 |
Focus
⚔️ 36.5% · 🌾 63.5%
Knight ×116 · Conquistador ×38 · Trade Cart ×36 · Missionary ×12 · Battering Ram ×6 · Bombard Cannon ×6
Feudal
11:00
Castle
15:04
Imperial
29:45
| APM avg | 29.7 |
| APM peak | 61 |
| eAPM avg | 18.3 |
| Villagers / military | 142 / 452 |
Focus
⚔️ 34.4% · 🌾 65.6%
Spearman ×385 · Hand Cannoneer ×50 · Trade Cart ×20 · Bombard Cannon ×16 · Fishing Ship ×15 · Monk ×1
Feudal
12:36
Castle
17:21
Imperial
33:01
| APM avg | 43.5 |
| APM peak | 99 |
| eAPM avg | 31.3 |
| Villagers / military | 159 / 390 |
Focus
⚔️ 37.9% · 🌾 62.1%
Leitis ×387 · Trade Cart ×40 · Trebuchet (Packed) ×2 · Monk ×1
Match map
Initial resources + every placement click. Lines = walls · curves = elevation contours. ◆ gold · ⬟ stone · ● berries · ✦ relic · ◌ wall gap
Your base· ✓ Closed at 14:48 · 16t walls · 1 gate(s) · fragile
Bello bello Luca's base· ✓ Closed at 20:25 · 43t walls · no gate
tamtam's base· ✓ Closed at 15:29 · 0t walls · no gate
barezzi's base· ✓ Closed at 20:59 · 27t walls · no gate
Ober Jetzt's base· Open — opponent sealed themselves in
Masai's base· Open — opponent sealed themselves in
henrygon013's base· ✓ Closed at 15:04 · 0t walls · fragile
Treatment's base· Open — opponent sealed themselves in
Smoothed initial terrain · ◌ = detected wall gap · hover for details
Inputs per minute
— ExZeCo - - Bello bello Luca
Build order — ExZeCo
First 150 of 471 actions detected
| 0:01 | Create | Villager (Male) |
| 0:01 | Create | Villager (Male) |
| 0:02 | Create | Villager (Male) |
| 0:02 | Create | Villager (Male) |
| 0:03 | Build | House |
| 0:04 | Build | House |
| 1:23 | Create | Villager (Male) |
| 2:05 | Create | Villager (Male) |
| 2:17 | Create | Villager (Male) |
| 2:34 | Build | Lumber Camp |
| 2:46 | Create | Villager (Male) |
| 3:00 | Create | Villager (Male) |
| 3:30 | Build | House |
| 3:37 | Create | Villager (Male) |
| 3:57 | Create | Villager (Male) |
| 4:21 | Build | Mill |
| 4:24 | Create | Villager (Male) |
| 4:48 | Build | House |
| 4:52 | Create | Villager (Male) |
| 4:56 | Create | Villager (Male) |
| 5:41 | Create | Villager (Male) |
| 5:53 | Create | Villager (Male) |
| 6:24 | Create | Villager (Male) |
| 6:52 | Create | Villager (Male) |
| 6:52 | Create | Villager (Male) |
| 6:52 | Create | Villager (Male) |
| 7:14 | Build | Mining Camp |
| 7:30 | Create | Villager (Male) |
| 8:03 | Research | Loom |
| 8:42 | Build | Mill |
| 9:33 | Build | Palisade Wall |
| 9:39 | Build | Palisade Gate |
| 9:43 | Create | Villager (Male) |
| 9:46 | Research | Feudal Age |
| 10:00 | Build | House |
| 10:40 | Build | Palisade Wall |
| 11:27 | Build | Lumber Camp |
| 11:30 | Build | Farm |
| 11:37 | Build | Farm |
| 11:38 | Build | Farm |
| 11:41 | Build | Farm |
| 11:55 | Build | House |
| 11:56 | Age | Feudal Age |
| 12:08 | Research | Castle Age |
| 12:30 | Research | Double-Bit Axe |
| 12:40 | Build | Palisade Wall |
| 12:45 | Build | Palisade Wall |
| 13:37 | Build | Lumber Camp |
| 13:54 | Build | Farm |
| 14:40 | Research | Wheelbarrow |
| 14:48 | Age | Castle Age |
| 14:50 | Build | Town Center |
| 14:57 | Create | Villager (Male) |
| 15:54 | Create | Villager (Male) |
| 15:56 | Create | Villager (Male) |
| 15:57 | Create | Villager (Male) |
| 15:57 | Create | Villager (Male) |
| 16:01 | Build | Town Center |
| 16:06 | Create | Villager (Male) |
| 16:06 | Create | Villager (Male) |
| 16:06 | Create | Villager (Male) |
| 16:09 | Build | Farm |
| 16:12 | Build | Farm |
| 16:15 | Build | Farm |
| 16:18 | Build | Farm |
| 16:22 | Research | Horse Collar |
| 16:35 | Build | Farm |
| 16:40 | Create | Villager (Male) |
| 17:00 | Create | Villager (Male) |
| 17:13 | Build | Farm |
| 17:14 | Build | Farm |
| 17:21 | Build | Farm |
| 17:24 | Create | Villager (Male) |
| 17:34 | Create | Villager (Male) |
| 17:39 | Create | Villager (Male) |
| 17:43 | Build | Farm |
| 17:48 | Build | Farm |
| 17:49 | Create | Villager (Male) |
| 17:56 | Build | House |
| 18:02 | Build | House |
| 18:03 | Create | Villager (Male) |
| 18:08 | Build | Farm |
| 18:11 | Build | Farm |
| 18:15 | Create | Villager (Male) |
| 18:15 | Create | Villager (Male) |
| 18:21 | Build | Farm |
| 18:31 | Build | Farm |
| 18:36 | Build | House |
| 18:36 | Create | Villager (Male) |
| 18:37 | Create | Villager (Male) |
| 18:46 | Build | Farm |
| 18:49 | Create | Villager (Male) |
| 18:49 | Create | Villager (Male) |
| 18:54 | Build | Farm |
| 18:56 | Create | Villager (Male) |
| 19:02 | Build | House |
| 19:06 | Build | House |
| 19:07 | Create | Villager (Male) |
| 19:08 | Create | Villager (Male) |
| 19:13 | Build | Farm |
| 19:21 | Create | Villager (Male) |
| 19:27 | Build | Farm |
| 19:37 | Create | Villager (Male) |
| 19:38 | Create | Villager (Male) |
| 19:38 | Create | Villager (Male) |
| 19:45 | Build | Monastery |
| 19:48 | Create | Villager (Male) |
| 19:49 | Create | Villager (Male) |
| 19:55 | Build | Farm |
| 20:03 | Build | Farm |
| 20:05 | Create | Villager (Male) |
| 20:08 | Create | Villager (Male) |
| 20:09 | Create | Villager (Male) |
| 20:09 | Create | Villager (Male) |
| 20:21 | Build | Farm |
| 20:22 | Build | Farm |
| 20:29 | Build | Farm |
| 20:34 | Create | Monk |
| 20:36 | Create | Villager (Male) |
| 20:36 | Create | Villager (Male) |
| 20:36 | Create | Villager (Male) |
| 20:38 | Build | Farm |
| 20:45 | Build | House |
| 20:48 | Research | Fervor |
| 20:49 | Create | Villager (Male) |
| 20:49 | Create | Villager (Male) |
| 20:49 | Create | Villager (Male) |
| 21:01 | Research | Heavy Plow |
| 21:05 | Create | Villager (Male) |
| 21:06 | Create | Villager (Male) |
| 21:18 | Create | Villager (Male) |
| 21:18 | Create | Villager (Male) |
| 21:42 | Build | House |
| 21:42 | Build | House |
| 21:43 | Create | Villager (Male) |
| 21:43 | Create | Villager (Male) |
| 21:44 | Create | Villager (Male) |
| 21:51 | Build | Farm |
| 21:52 | Build | Farm |
| 21:52 | Build | Farm |
| 21:52 | Build | Farm |
| 21:53 | Build | Farm |
| 21:53 | Build | Farm |
| 21:53 | Build | Farm |
| 22:04 | Build | Farm |
| 22:05 | Build | Farm |
| 22:09 | Build | Farm |
| 22:12 | Build | Farm |
| 22:17 | Build | Farm |
| 22:18 | Create | Villager (Male) |
Build order — Bello bello Luca
First 150 of 522 actions detected
| 0:01 | Create | Villager (Male) |
| 0:01 | Create | Villager (Male) |
| 0:01 | Create | Villager (Male) |
| 0:03 | Build | House |
| 0:05 | Build | House |
| 0:17 | Create | Villager (Male) |
| 1:27 | Create | Villager (Male) |
| 2:06 | Create | Villager (Male) |
| 2:18 | Create | Villager (Male) |
| 3:00 | Create | Villager (Male) |
| 3:00 | Create | Villager (Male) |
| 3:04 | Build | House |
| 3:15 | Create | Villager (Male) |
| 3:16 | Research | Loom |
| 3:34 | Build | Lumber Camp |
| 3:42 | Create | Villager (Male) |
| 3:42 | Create | Villager (Male) |
| 3:58 | Create | Villager (Male) |
| 4:22 | Create | Villager (Male) |
| 4:37 | Create | Villager (Male) |
| 4:37 | Create | Villager (Male) |
| 5:09 | Build | House |
| 5:44 | Build | Palisade Wall |
| 5:46 | Build | Palisade Wall |
| 5:50 | Create | Villager (Male) |
| 6:08 | Create | Villager (Male) |
| 6:28 | Build | Mill |
| 7:01 | Create | Villager (Male) |
| 7:20 | Build | Mining Camp |
| 7:21 | Build | House |
| 7:33 | Create | Villager (Male) |
| 7:33 | Create | Villager (Male) |
| 8:17 | Create | Villager (Male) |
| 8:22 | Build | House |
| 8:46 | Create | Villager (Male) |
| 8:56 | Build | Dock |
| 8:59 | Create | Villager (Male) |
| 9:27 | Create | Villager (Male) |
| 9:39 | Create | Fishing Ship |
| 9:50 | Create | Villager (Male) |
| 9:52 | Research | Feudal Age |
| 9:59 | Build | Lumber Camp |
| 10:11 | Create | Villager (Male) |
| 10:38 | Build | Mining Camp |
| 11:15 | Create | Villager (Male) |
| 11:23 | Research | Loom |
| 11:24 | Create | Villager (Male) |
| 11:24 | Create | Villager (Male) |
| 11:27 | Create | Villager (Male) |
| 11:27 | Create | Villager (Male) |
| 11:41 | Create | Fishing Ship |
| 11:56 | Build | Palisade Wall |
| 11:58 | Build | Palisade Wall |
| 12:16 | Age | Feudal Age |
| 12:23 | Build | Blacksmith |
| 12:35 | Research | Horse Collar |
| 13:18 | Build | House |
| 13:21 | Create | Villager (Male) |
| 13:21 | Create | Villager (Male) |
| 13:39 | Build | House |
| 13:40 | Build | House |
| 13:41 | Build | House |
| 13:41 | Build | House |
| 14:19 | Build | Farm |
| 14:20 | Build | Farm |
| 14:22 | Create | Villager (Male) |
| 14:27 | Build | Farm |
| 14:29 | Build | Farm |
| 14:39 | Build | Farm |
| 14:40 | Create | Villager (Male) |
| 14:40 | Create | Villager (Male) |
| 14:53 | Build | Stone Wall |
| 15:26 | Build | Stone Wall |
| 15:29 | Create | Villager (Male) |
| 15:29 | Create | Villager (Male) |
| 15:32 | Build | Farm |
| 15:34 | Build | Farm |
| 15:50 | Build | Watch Tower |
| 15:56 | Build | Lumber Camp |
| 16:11 | Create | Villager (Male) |
| 16:12 | Create | Villager (Male) |
| 16:35 | Research | Double-Bit Axe |
| 17:02 | Build | Market |
| 17:32 | Build | Stone Wall |
| 17:34 | Build | Mining Camp |
| 17:43 | Research | Castle Age |
| 17:51 | Build | Farm |
| 17:54 | Build | Farm |
| 17:58 | Build | Farm |
| 18:00 | Create | Villager (Male) |
| 18:02 | Research | Stone Mining |
| 18:05 | Research | Gold Mining |
| 18:36 | Build | House |
| 18:38 | Build | House |
| 18:41 | Create | Villager (Male) |
| 18:41 | Create | Villager (Male) |
| 18:43 | Create | Fishing Ship |
| 18:45 | Create | Fishing Ship |
| 19:33 | Build | Farm |
| 19:36 | Build | Farm |
| 19:39 | Build | Farm |
| 19:41 | Build | Farm |
| 20:16 | Research | Tech 906 |
| 20:25 | Age | Castle Age |
| 20:30 | Build | Town Center |
| 20:40 | Build | Town Center |
| 20:58 | Create | Fishing Ship |
| 21:03 | Research | Heavy Plow |
| 21:05 | Research | Bow Saw |
| 21:27 | Research | Wheelbarrow |
| 21:35 | Build | Farm |
| 21:39 | Build | Farm |
| 21:42 | Build | Farm |
| 21:43 | Create | Villager (Male) |
| 21:46 | Create | Villager (Male) |
| 21:50 | Build | House |
| 21:51 | Build | House |
| 21:52 | Build | House |
| 21:54 | Build | House |
| 21:57 | Build | House |
| 21:57 | Build | House |
| 22:00 | Create | Villager (Male) |
| 22:00 | Create | Villager (Male) |
| 22:04 | Create | Villager (Male) |
| 22:07 | Build | Farm |
| 22:31 | Create | Villager (Male) |
| 22:32 | Create | Villager (Male) |
| 22:32 | Create | Villager (Male) |
| 22:35 | Build | Farm |
| 22:38 | Build | Farm |
| 22:40 | Build | Farm |
| 22:49 | Build | Fish Trap |
| 22:53 | Build | Fish Trap |
| 22:56 | Build | Fish Trap |
| 23:01 | Build | Fish Trap |
| 23:08 | Build | Fish Trap |
| 23:10 | Create | Villager (Male) |
| 23:10 | Create | Villager (Male) |
| 23:12 | Create | Villager (Male) |
| 23:12 | Create | Villager (Male) |
| 23:18 | Build | House |
| 23:20 | Build | House |
| 23:21 | Build | House |
| 23:23 | Build | House |
| 23:25 | Build | House |
| 23:33 | Build | House |
| 23:34 | Build | House |
| 23:37 | Build | House |
| 23:38 | Build | House |
| 23:39 | Build | House |
Build order — tamtam
First 150 of 572 actions detected
| 0:03 | Create | Villager (Male) |
| 0:04 | Create | Villager (Male) |
| 0:04 | Create | Villager (Male) |
| 0:04 | Create | Villager (Male) |
| 0:07 | Build | House |
| 0:10 | Build | House |
| 0:23 | Create | Villager (Male) |
| 0:23 | Create | Villager (Male) |
| 1:42 | Create | Villager (Male) |
| 1:53 | Build | Lumber Camp |
| 2:18 | Create | Villager (Male) |
| 2:18 | Create | Villager (Male) |
| 2:34 | Create | Villager (Male) |
| 3:01 | Create | Villager (Male) |
| 3:01 | Create | Villager (Male) |
| 3:46 | Create | Villager (Male) |
| 3:47 | Create | Villager (Male) |
| 4:06 | Build | House |
| 4:14 | Create | Villager (Male) |
| 4:29 | Create | Villager (Male) |
| 4:29 | Create | Villager (Male) |
| 4:37 | Build | Dock |
| 5:13 | Build | Dock |
| 5:26 | Create | Villager (Male) |
| 5:26 | Create | Villager (Male) |
| 5:30 | Build | Mill |
| 5:44 | Research | Loom |
| 5:58 | Create | Villager (Male) |
| 5:58 | Create | Villager (Male) |
| 6:10 | Build | House |
| 6:17 | Create | Villager (Male) |
| 6:17 | Create | Villager (Male) |
| 6:17 | Create | Villager (Male) |
| 6:35 | Create | Villager (Male) |
| 6:35 | Create | Villager (Male) |
| 7:50 | Create | Villager (Male) |
| 7:51 | Create | Villager (Male) |
| 8:03 | Build | Mining Camp |
| 8:06 | Create | Villager (Male) |
| 8:20 | Create | Fishing Ship |
| 8:20 | Create | Fishing Ship |
| 9:04 | Research | Feudal Age |
| 9:07 | Build | House |
| 9:08 | Build | House |
| 9:36 | Create | Villager (Male) |
| 9:37 | Create | Villager (Male) |
| 9:51 | Create | Villager (Male) |
| 11:00 | Create | Villager (Male) |
| 11:08 | Age | Feudal Age |
| 11:37 | Build | Market |
| 11:38 | Create | Villager (Male) |
| 12:03 | Create | Fishing Ship |
| 12:07 | Build | Blacksmith |
| 12:58 | Build | Mining Camp |
| 13:03 | Research | Castle Age |
| 13:15 | Create | Fishing Ship |
| 13:16 | Create | Fishing Ship |
| 13:41 | Research | Double-Bit Axe |
| 13:47 | Research | Horse Collar |
| 13:47 | Research | Horse Collar |
| 13:56 | Create | Villager (Male) |
| 13:57 | Create | Villager (Male) |
| 14:16 | Build | House |
| 15:29 | Age | Castle Age |
| 15:36 | Build | Town Center |
| 15:40 | Create | Villager (Male) |
| 16:17 | Create | Villager (Male) |
| 16:26 | Research | Bow Saw |
| 16:32 | Build | Town Center |
| 16:41 | Create | Villager (Male) |
| 17:30 | Build | Dock |
| 17:32 | Create | Villager (Male) |
| 17:32 | Create | Villager (Male) |
| 17:33 | Create | Villager (Male) |
| 17:34 | Create | Villager (Male) |
| 17:36 | Research | Wheelbarrow |
| 17:41 | Create | Villager (Male) |
| 17:42 | Create | Villager (Male) |
| 17:46 | Create | Villager (Male) |
| 17:56 | Create | Fishing Ship |
| 17:58 | Create | Fishing Ship |
| 18:03 | Build | House |
| 18:04 | Build | House |
| 18:10 | Create | Villager (Male) |
| 18:10 | Create | Villager (Male) |
| 18:22 | Create | Villager (Male) |
| 18:40 | Build | Fish Trap |
| 18:49 | Build | Fish Trap |
| 19:04 | Build | Fish Trap |
| 19:10 | Build | Fish Trap |
| 19:16 | Build | Fish Trap |
| 19:21 | Build | Fish Trap |
| 19:28 | Create | Fishing Ship ×2 |
| 19:29 | Create | Fishing Ship ×2 |
| 19:30 | Create | Villager (Male) |
| 19:30 | Create | Villager (Male) |
| 19:31 | Create | Villager (Male) |
| 19:32 | Create | Villager (Male) |
| 19:32 | Create | Villager (Male) |
| 19:41 | Build | House |
| 19:42 | Build | House |
| 19:46 | Build | Fish Trap |
| 19:58 | Build | Dock |
| 20:03 | Build | Farm |
| 20:06 | Create | Villager (Male) |
| 20:15 | Build | Fish Trap |
| 20:20 | Create | Fishing Ship |
| 20:25 | Create | Fishing Ship |
| 20:38 | Build | Fish Trap |
| 20:43 | Build | Farm |
| 20:43 | Create | Villager (Male) |
| 20:44 | Create | Villager (Male) |
| 20:49 | Build | House |
| 20:49 | Build | House |
| 20:50 | Build | House |
| 20:53 | Build | House |
| 20:57 | Create | Villager (Male) |
| 20:57 | Create | Villager (Male) |
| 21:05 | Build | Fish Trap |
| 21:15 | Build | Fish Trap |
| 21:19 | Create | Villager (Male) |
| 21:36 | Create | Villager (Male) |
| 21:36 | Create | Villager (Male) |
| 21:37 | Create | Villager (Male) |
| 21:46 | Build | Town Center |
| 21:52 | Build | Farm |
| 22:02 | Create | Fishing Ship ×5 |
| 22:03 | Create | Fishing Ship ×5 |
| 22:03 | Create | Fishing Ship ×5 |
| 22:15 | Build | Farm |
| 22:16 | Build | Farm |
| 22:24 | Create | Villager (Male) |
| 22:25 | Create | Villager (Male) |
| 22:26 | Create | Villager (Male) |
| 22:43 | Build | Town Center |
| 22:49 | Build | Fish Trap |
| 22:53 | Build | Fish Trap |
| 22:59 | Build | Fish Trap |
| 23:05 | Build | Farm |
| 23:06 | Build | Farm |
| 23:08 | Build | Farm |
| 23:14 | Build | Market |
| 23:15 | Create | Villager (Male) |
| 23:16 | Create | Villager (Male) |
| 23:16 | Create | Villager (Male) |
| 23:17 | Create | Villager (Male) |
| 23:17 | Create | Villager (Male) |
| 23:19 | Create | Villager (Male) |
| 23:28 | Build | Fish Trap |
| 23:37 | Build | Fish Trap |
Build order — barezzi
First 150 of 485 actions detected
| 0:03 | Research | Loom |
| 0:04 | Create | Villager (Male) |
| 0:04 | Create | Villager (Male) |
| 0:26 | Build | House |
| 1:00 | Create | Villager (Male) |
| 1:00 | Create | Villager (Male) |
| 1:00 | Create | Villager (Male) |
| 1:10 | Build | Palisade Wall |
| 1:21 | Build | House |
| 1:23 | Build | House |
| 1:24 | Build | House |
| 2:25 | Build | Mining Camp |
| 2:34 | Create | Villager (Male) |
| 3:11 | Create | Villager (Male) |
| 3:56 | Create | Villager (Male) |
| 4:19 | Create | Villager (Male) |
| 5:11 | Create | Villager (Male) |
| 5:11 | Create | Villager (Male) |
| 5:18 | Create | Villager (Male) |
| 5:23 | Create | Villager (Male) |
| 6:49 | Create | Villager (Male) |
| 7:01 | Create | Villager (Male) |
| 7:02 | Create | Villager (Male) |
| 7:18 | Build | Lumber Camp |
| 7:59 | Create | Villager (Male) |
| 7:59 | Create | Villager (Male) |
| 8:15 | Create | Villager (Male) |
| 8:37 | Build | House |
| 8:55 | Build | Mill |
| 9:19 | Build | House |
| 9:22 | Build | House |
| 9:28 | Build | House |
| 10:05 | Create | Villager (Male) |
| 10:05 | Create | Villager (Male) |
| 10:12 | Create | Villager (Male) |
| 10:19 | Build | House |
| 10:29 | Create | Villager (Male) |
| 11:19 | Create | Villager (Male) |
| 12:08 | Build | Mining Camp |
| 13:01 | Create | Villager (Male) |
| 13:10 | Create | Villager (Male) |
| 13:18 | Research | Feudal Age |
| 16:01 | Age | Feudal Age |
| 16:07 | Research | Wheelbarrow |
| 16:58 | Build | Market |
| 17:15 | Build | Blacksmith |
| 17:16 | Build | House |
| 17:25 | Research | Horse Collar |
| 17:29 | Research | Double-Bit Axe |
| 17:32 | Research | Stone Mining |
| 17:36 | Build | Mining Camp |
| 17:45 | Build | Farm |
| 17:46 | Build | Farm |
| 17:46 | Build | Farm |
| 17:48 | Build | Farm |
| 17:49 | Build | Farm |
| 17:49 | Build | Farm |
| 17:50 | Build | Farm |
| 17:51 | Build | Farm |
| 18:13 | Build | Stone Wall |
| 18:14 | Build | Stone Wall |
| 18:16 | Build | Outpost |
| 18:19 | Research | Castle Age |
| 18:30 | Build | Farm |
| 18:41 | Build | Stone Wall |
| 19:07 | Research | Gold Mining |
| 19:14 | Create | Trade Cart |
| 20:59 | Build | Stone Wall |
| 20:59 | Age | Castle Age |
| 21:01 | Build | Gate |
| 21:03 | Build | Gate |
| 21:08 | Research | Hand Cart |
| 21:11 | Research | Bow Saw |
| 21:16 | Research | Heavy Plow |
| 21:24 | Build | Town Center |
| 21:33 | Build | Town Center |
| 21:38 | Create | Villager (Male) |
| 21:43 | Create | Villager (Male) |
| 22:18 | Build | Town Center |
| 22:26 | Create | Villager (Male) |
| 22:28 | Create | Villager (Male) |
| 22:40 | Research | Gold Shaft Mining |
| 22:47 | Research | Town Watch |
| 23:04 | Create | Villager (Male) |
| 23:20 | Build | Gate |
| 23:37 | Build | Stone Wall |
| 23:59 | Create | Villager (Male) |
| 23:59 | Create | Villager (Male) |
| 24:02 | Create | Villager (Male) |
| 24:06 | Build | Farm |
| 24:07 | Build | Farm |
| 24:09 | Build | Farm |
| 24:10 | Build | Farm |
| 24:11 | Build | Farm |
| 24:18 | Create | Villager (Male) |
| 24:27 | Create | Villager (Male) |
| 24:27 | Create | Villager (Male) |
| 24:54 | Build | Castle |
| 25:00 | Create | Villager (Male) |
| 25:09 | Create | Villager (Male) |
| 25:13 | Build | Farm |
| 25:15 | Build | Farm |
| 25:17 | Build | Farm |
| 25:20 | Create | Villager (Male) |
| 25:26 | Create | Villager (Male) |
| 25:29 | Build | Farm |
| 25:35 | Build | Farm |
| 25:35 | Build | Farm |
| 25:37 | Create | Villager (Male) |
| 25:48 | Build | Farm |
| 25:49 | Create | Villager (Male) |
| 25:52 | Create | Villager (Male) |
| 25:59 | Build | Farm |
| 26:01 | Build | Farm |
| 26:03 | Create | Villager (Male) |
| 26:07 | Build | Farm |
| 26:08 | Build | Farm |
| 26:14 | Build | Farm |
| 26:15 | Create | Villager (Male) |
| 26:22 | Create | Villager (Male) |
| 26:22 | Create | Villager (Male) |
| 26:35 | Build | House |
| 26:36 | Build | House |
| 26:37 | Build | House |
| 26:38 | Build | House |
| 26:38 | Build | House |
| 26:39 | Build | House |
| 26:40 | Create | Villager (Male) |
| 26:41 | Create | Villager (Male) |
| 26:48 | Create | Villager (Male) |
| 27:05 | Create | Villager (Male) |
| 27:17 | Build | Town Center |
| 27:23 | Create | Villager (Male) |
| 27:30 | Create | Villager (Male) |
| 27:31 | Create | Villager (Male) |
| 27:44 | Build | Town Center |
| 27:48 | Create | Villager (Male) |
| 27:52 | Build | Farm |
| 27:53 | Create | Villager (Male) |
| 28:15 | Build | Town Center |
| 28:19 | Create | Villager (Male) |
| 28:21 | Create | Villager (Male) |
| 28:24 | Create | Villager (Male) |
| 28:28 | Build | Farm |
| 28:31 | Create | Villager (Male) |
| 28:35 | Create | Villager (Male) |
| 28:49 | Build | Dock |
| 28:53 | Create | Villager (Male) |
| 28:54 | Create | Villager (Male) |
| 28:57 | Create | Villager (Male) |
Build order — Ober Jetzt
First 150 of 518 actions detected
| 0:01 | Create | Villager (Male) |
| 0:01 | Create | Villager (Male) |
| 0:01 | Create | Villager (Male) |
| 0:01 | Create | Villager (Male) |
| 0:02 | Create | Villager (Male) |
| 0:03 | Build | House |
| 0:06 | Build | House |
| 0:18 | Research | Loom |
| 0:21 | Create | Villager (Male) |
| 0:22 | Create | Villager (Male) |
| 0:22 | Create | Villager (Male) |
| 0:36 | Build | Palisade Wall |
| 1:59 | Create | Villager (Male) |
| 2:12 | Build | Lumber Camp |
| 2:30 | Create | Villager (Male) |
| 2:30 | Create | Villager (Male) |
| 2:41 | Build | House |
| 2:54 | Create | Villager (Male) |
| 2:54 | Create | Villager (Male) |
| 3:39 | Create | Villager (Male) |
| 3:39 | Create | Villager (Male) |
| 4:28 | Create | Villager (Male) |
| 4:29 | Create | Villager (Male) |
| 4:51 | Create | Villager (Male) |
| 5:19 | Create | Villager (Male) |
| 5:19 | Create | Villager (Male) |
| 5:38 | Build | Mill |
| 5:45 | Create | Villager (Male) |
| 5:45 | Create | Villager (Male) |
| 5:45 | Create | Villager (Male) |
| 6:28 | Create | Villager (Male) |
| 6:50 | Build | House |
| 6:53 | Create | Villager (Male) |
| 6:57 | Create | Villager (Male) |
| 6:57 | Create | Villager (Male) |
| 6:57 | Create | Villager (Male) |
| 7:57 | Create | Villager (Male) |
| 8:34 | Build | Lumber Camp |
| 8:49 | Build | House |
| 8:52 | Create | Villager (Male) |
| 8:52 | Create | Villager (Male) |
| 8:52 | Create | Villager (Male) |
| 8:53 | Create | Villager (Male) |
| 9:27 | Build | Palisade Wall |
| 9:37 | Build | Palisade Gate |
| 10:00 | Build | Farm |
| 10:04 | Build | Farm |
| 10:07 | Create | Villager (Male) |
| 10:48 | Create | Villager (Male) |
| 10:58 | Build | Mill |
| 11:16 | Build | Farm |
| 11:18 | Build | Farm |
| 11:21 | Create | Villager (Male) |
| 11:27 | Build | Farm |
| 11:52 | Research | Feudal Age |
| 11:57 | Build | Farm |
| 12:13 | Build | Barracks |
| 12:27 | Create | Villager (Male) |
| 12:27 | Create | Villager (Male) |
| 12:43 | Build | House |
| 13:39 | Create | Villager (Male) |
| 14:02 | Age | Feudal Age |
| 14:07 | Research | Double-Bit Axe |
| 14:10 | Research | Horse Collar |
| 14:22 | Build | Blacksmith |
| 14:33 | Build | Market |
| 14:59 | Build | Farm |
| 15:01 | Create | Villager (Male) |
| 15:20 | Build | Farm |
| 15:23 | Build | Farm |
| 15:43 | Build | Mining Camp |
| 15:45 | Create | Villager (Male) |
| 15:51 | Build | Farm |
| 16:21 | Build | Archery Range |
| 16:23 | Create | Villager (Male) |
| 16:27 | Build | Farm |
| 16:30 | Build | Farm |
| 16:58 | Build | Farm |
| 17:16 | Build | Farm |
| 17:28 | Research | Castle Age |
| 17:34 | Build | Mining Camp |
| 17:52 | Research | Fletching |
| 17:59 | Build | House |
| 18:39 | Build | Lumber Camp |
| 18:56 | Build | House |
| 19:05 | Create | Villager (Male) |
| 19:05 | Create | Villager (Male) |
| 19:08 | Research | Gold Mining |
| 19:12 | Research | Padded Archer Armor |
| 19:37 | Build | House |
| 20:08 | Age | Castle Age |
| 20:09 | Research | Bow Saw |
| 20:13 | Research | Heavy Plow |
| 20:16 | Create | Villager (Male) |
| 20:16 | Create | Villager (Male) |
| 20:24 | Build | Town Center |
| 20:32 | Research | Stone Mining |
| 20:38 | Build | Farm |
| 21:00 | Create | Villager (Male) |
| 21:05 | Build | Farm |
| 21:26 | Create | Villager (Male) |
| 21:50 | Build | Monastery |
| 21:53 | Create | Villager (Male) |
| 21:53 | Create | Villager (Male) |
| 22:15 | Create | Villager (Male) |
| 22:29 | Create | Monk |
| 22:34 | Build | Farm |
| 22:36 | Build | Farm |
| 22:43 | Create | Villager (Male) |
| 22:45 | Create | Villager (Male) |
| 22:49 | Build | Town Center |
| 22:51 | Create | Villager (Male) |
| 22:59 | Create | Villager (Male) |
| 23:17 | Create | Monk |
| 23:25 | Create | Villager (Male) |
| 23:30 | Research | Elite Skirmisher (upgrade) |
| 23:41 | Create | Villager (Male) |
| 23:41 | Create | Villager (Male) |
| 24:08 | Research | Scale Mail Armor |
| 24:13 | Research | Pikeman (upgrade) |
| 24:22 | Research | Town Watch |
| 24:26 | Research | Forging |
| 24:34 | Create | Villager (Male) |
| 24:34 | Create | Villager (Male) |
| 24:39 | Create | Villager (Male) |
| 24:39 | Create | Villager (Male) |
| 24:45 | Build | Farm |
| 24:48 | Build | Farm |
| 24:51 | Create | Villager (Male) |
| 24:51 | Create | Villager (Male) |
| 25:00 | Create | Villager (Male) |
| 25:04 | Create | Villager (Male) |
| 25:04 | Create | Villager (Male) |
| 25:09 | Build | Lumber Camp |
| 25:18 | Build | Farm |
| 25:21 | Create | Villager (Male) |
| 25:21 | Create | Villager (Male) |
| 25:34 | Build | Castle |
| 25:45 | Build | House |
| 25:46 | Build | House |
| 25:50 | Build | Farm |
| 25:56 | Create | Villager (Male) |
| 25:57 | Create | Villager (Male) |
| 26:01 | Create | Villager (Male) |
| 26:04 | Create | Villager (Male) |
| 26:04 | Create | Villager (Male) |
| 26:04 | Create | Villager (Male) |
| 26:07 | Create | Villager (Male) |
| 26:07 | Create | Villager (Male) |
| 26:12 | Build | Farm |
Build order — Masai
First 150 of 513 actions detected
| 0:05 | Build | House |
| 0:08 | Build | House |
| 0:14 | Create | Villager (Male) |
| 0:14 | Create | Villager (Male) |
| 0:42 | Create | Villager (Male) |
| 0:43 | Create | Villager (Male) |
| 0:43 | Create | Villager (Male) |
| 1:35 | Create | Villager (Male) |
| 2:07 | Build | Lumber Camp |
| 2:08 | Create | Villager (Male) |
| 2:08 | Create | Villager (Male) |
| 2:15 | Create | Villager (Male) |
| 2:15 | Create | Villager (Male) |
| 2:59 | Create | Villager (Male) |
| 2:59 | Create | Villager (Male) |
| 3:42 | Create | Villager (Male) |
| 3:43 | Create | Villager (Male) |
| 3:59 | Build | House |
| 4:24 | Create | Villager (Male) |
| 4:47 | Create | Villager (Male) |
| 5:11 | Build | Mill |
| 5:13 | Build | Mill |
| 5:22 | Create | Villager (Male) |
| 5:22 | Create | Villager (Male) |
| 5:23 | Create | Villager (Male) |
| 5:50 | Create | Villager (Male) |
| 6:22 | Build | Palisade Wall |
| 6:25 | Create | Villager (Male) |
| 6:39 | Create | Villager (Male) |
| 6:39 | Create | Villager (Male) |
| 6:50 | Build | House |
| 7:36 | Create | Villager (Male) |
| 8:09 | Create | Villager (Male) |
| 8:09 | Create | Villager (Male) |
| 8:09 | Create | Villager (Male) |
| 8:25 | Build | House |
| 8:42 | Build | Farm |
| 8:45 | Build | Farm |
| 8:47 | Build | Farm |
| 8:59 | Create | Villager (Male) |
| 8:59 | Create | Villager (Male) |
| 9:39 | Build | Farm |
| 9:40 | Build | Farm |
| 9:43 | Research | Feudal Age |
| 9:46 | Build | Farm |
| 10:31 | Build | Palisade Gate |
| 10:32 | Create | Villager (Male) |
| 11:05 | Create | Villager (Male) |
| 11:51 | Build | House |
| 11:53 | Age | Feudal Age |
| 12:05 | Build | Market |
| 12:10 | Create | Villager (Male) |
| 12:40 | Build | Mining Camp |
| 12:41 | Create | Villager (Male) |
| 12:57 | Research | Double-Bit Axe |
| 13:43 | Create | Villager (Male) |
| 14:03 | Build | Blacksmith |
| 14:12 | Build | House |
| 14:18 | Create | Villager (Male) |
| 14:36 | Build | Mining Camp |
| 14:52 | Research | Castle Age |
| 14:55 | Create | Villager (Male) |
| 15:19 | Create | Villager (Male) |
| 15:31 | Create | Villager (Male) |
| 15:45 | Build | House |
| 15:47 | Build | House |
| 15:59 | Build | Farm |
| 16:24 | Build | Farm |
| 16:29 | Create | Villager (Male) |
| 16:48 | Build | Farm |
| 16:49 | Build | Farm |
| 16:51 | Build | Farm |
| 16:52 | Build | Farm |
| 16:55 | Build | Farm |
| 16:58 | Build | Farm |
| 17:00 | Build | Farm |
| 17:22 | Research | Gold Mining |
| 17:32 | Age | Castle Age |
| 17:58 | Research | Stone Mining |
| 18:31 | Build | Town Center |
| 18:32 | Create | Villager (Male) |
| 18:58 | Create | Villager (Male) |
| 19:12 | Build | Farm |
| 19:13 | Build | Farm |
| 19:41 | Build | Farm |
| 20:10 | Create | Villager (Male) |
| 20:13 | Create | Villager (Male) |
| 20:39 | Build | Lumber Camp |
| 20:44 | Research | Bow Saw |
| 20:47 | Create | Villager (Male) |
| 20:47 | Create | Villager (Male) |
| 20:48 | Create | Villager (Male) |
| 20:56 | Research | Wheelbarrow |
| 21:10 | Build | Castle |
| 21:13 | Create | Villager (Male) |
| 21:14 | Create | Villager (Male) |
| 21:18 | Build | Farm |
| 21:27 | Create | Villager (Male) |
| 21:48 | Create | Villager (Male) |
| 22:01 | Build | Farm |
| 22:12 | Create | Trade Cart |
| 22:13 | Create | Trade Cart |
| 22:14 | Create | Villager (Male) |
| 22:22 | Research | Horse Collar |
| 22:40 | Create | Villager (Male) |
| 22:41 | Create | Villager (Male) |
| 22:44 | Research | Loom |
| 22:48 | Create | Villager (Male) |
| 23:01 | Create | Trade Cart |
| 23:29 | Create | Villager (Male) |
| 23:29 | Create | Villager (Male) |
| 23:36 | Build | Farm |
| 23:38 | Create | Villager (Male) |
| 23:39 | Create | Villager (Male) |
| 23:44 | Create | Trade Cart |
| 23:50 | Research | Padded Archer Armor |
| 23:51 | Create | Villager (Male) |
| 23:53 | Create | Villager (Male) |
| 24:09 | Create | Villager (Male) |
| 24:09 | Create | Villager (Male) |
| 24:30 | Create | Villager (Male) |
| 24:31 | Create | Villager (Male) |
| 24:38 | Create | Conquistador |
| 24:50 | Build | Mining Camp |
| 24:58 | Create | Trade Cart |
| 24:58 | Create | Trade Cart |
| 25:11 | Build | Market |
| 25:20 | Build | Market |
| 25:27 | Research | Stone Shaft Mining |
| 25:28 | Create | Villager (Male) |
| 25:34 | Create | Trade Cart |
| 25:34 | Create | Trade Cart |
| 25:48 | Create | Villager (Male) |
| 25:48 | Create | Villager (Male) |
| 26:05 | Build | Farm |
| 26:08 | Build | Farm |
| 26:10 | Build | Farm |
| 26:13 | Build | Farm |
| 26:23 | Create | Villager (Male) |
| 26:23 | Create | Villager (Male) |
| 26:26 | Create | Trade Cart |
| 26:27 | Create | Trade Cart |
| 26:27 | Create | Trade Cart |
| 26:38 | Create | Villager (Male) |
| 26:38 | Create | Villager (Male) |
| 26:41 | Create | Conquistador |
| 26:43 | Create | Villager (Male) |
| 27:03 | Create | Villager (Male) |
| 27:03 | Create | Villager (Male) |
| 27:14 | Create | Trade Cart |
Build order — henrygon013
First 150 of 473 actions detected
| 0:01 | Create | Villager (Male) |
| 0:01 | Create | Villager (Male) |
| 0:02 | Build | House |
| 0:04 | Build | House |
| 0:48 | Create | Villager (Male) |
| 0:48 | Create | Villager (Male) |
| 1:40 | Create | Villager (Male) |
| 1:40 | Create | Villager (Male) |
| 1:47 | Build | Lumber Camp |
| 2:10 | Create | Villager (Male) |
| 2:10 | Create | Villager (Male) |
| 2:26 | Create | Villager (Male) |
| 2:49 | Create | Villager (Male) |
| 3:14 | Create | Villager (Male) |
| 3:29 | Build | House |
| 3:40 | Create | Villager (Male) |
| 3:40 | Create | Villager (Male) |
| 3:54 | Build | Mill |
| 4:00 | Create | Villager (Male) |
| 4:27 | Build | House |
| 4:36 | Create | Villager (Male) |
| 4:36 | Create | Villager (Male) |
| 5:04 | Create | Villager (Male) |
| 5:06 | Build | House |
| 5:28 | Create | Villager (Male) |
| 5:28 | Create | Villager (Male) |
| 5:45 | Create | Villager (Male) |
| 6:15 | Create | Villager (Male) |
| 6:16 | Create | Villager (Male) |
| 6:40 | Create | Villager (Male) |
| 7:10 | Create | Villager (Male) |
| 7:13 | Build | Mining Camp |
| 7:29 | Create | Villager (Male) |
| 7:29 | Create | Villager (Male) |
| 8:35 | Research | Feudal Age |
| 9:33 | Create | Villager (Male) |
| 9:33 | Create | Villager (Male) |
| 9:34 | Research | Loom |
| 11:00 | Age | Feudal Age |
| 11:14 | Build | Market |
| 11:41 | Build | Blacksmith |
| 12:08 | Build | Dock |
| 12:24 | Research | Castle Age |
| 12:24 | Research | Castle Age |
| 12:26 | Research | Double-Bit Axe |
| 14:07 | Create | Fishing Ship |
| 14:07 | Create | Fishing Ship |
| 14:20 | Build | House |
| 14:57 | Create | Villager (Male) |
| 15:04 | Age | Castle Age |
| 15:05 | Build | House |
| 15:08 | Build | Town Center |
| 15:23 | Build | Town Center |
| 15:31 | Research | Bow Saw |
| 15:33 | Research | Horse Collar |
| 15:35 | Create | Villager (Male) |
| 15:38 | Create | Fishing Ship |
| 15:55 | Build | House |
| 15:56 | Build | House |
| 16:10 | Build | Monastery |
| 16:14 | Create | Villager (Male) |
| 16:19 | Build | Farm |
| 16:19 | Build | Farm |
| 16:48 | Create | Villager (Male) |
| 17:10 | Create | Villager (Male) |
| 17:10 | Create | Villager (Male) |
| 17:12 | Create | Villager (Male) |
| 17:15 | Research | Fervor |
| 17:24 | Create | Villager (Male) |
| 17:29 | Create | Villager (Male) |
| 17:32 | Build | Farm |
| 17:38 | Build | Farm |
| 17:40 | Build | Farm |
| 17:47 | Create | Villager (Male) |
| 17:48 | Create | Villager (Male) |
| 17:56 | Build | Farm |
| 17:58 | Create | Villager (Male) |
| 18:02 | Build | House |
| 18:03 | Build | House |
| 18:05 | Build | House |
| 18:10 | Create | Monk |
| 18:30 | Create | Villager (Male) |
| 18:31 | Create | Villager (Male) |
| 18:31 | Create | Villager (Male) |
| 18:34 | Build | Farm |
| 18:36 | Build | Farm |
| 18:41 | Build | Farm |
| 18:45 | Build | Farm |
| 18:48 | Build | Farm |
| 18:51 | Build | Farm |
| 18:52 | Create | Villager (Male) |
| 18:53 | Create | Villager (Male) |
| 19:00 | Create | Villager (Male) |
| 19:01 | Build | House |
| 19:02 | Build | House |
| 19:12 | Create | Fishing Ship |
| 19:13 | Create | Fishing Ship |
| 19:15 | Build | Fish Trap |
| 19:19 | Build | Fish Trap |
| 19:22 | Create | Villager (Male) |
| 19:22 | Create | Villager (Male) |
| 19:22 | Create | Villager (Male) |
| 19:26 | Build | Farm |
| 19:30 | Build | Farm |
| 19:43 | Create | Villager (Male) |
| 19:43 | Create | Villager (Male) |
| 19:58 | Build | Lumber Camp |
| 20:16 | Create | Villager (Male) |
| 20:16 | Create | Villager (Male) |
| 20:17 | Create | Villager (Male) |
| 20:20 | Build | Farm |
| 20:24 | Build | Farm |
| 20:29 | Build | House |
| 20:30 | Build | House |
| 20:32 | Build | House |
| 20:33 | Create | Villager (Male) |
| 20:37 | Build | Fish Trap |
| 20:40 | Create | Villager (Male) |
| 21:03 | Create | Villager (Male) |
| 21:03 | Create | Villager (Male) |
| 21:09 | Create | Villager (Male) |
| 21:10 | Create | Villager (Male) |
| 21:18 | Build | Mill |
| 21:19 | Build | Farm |
| 21:20 | Build | Farm |
| 21:20 | Build | Farm |
| 21:20 | Build | Farm |
| 21:20 | Build | Farm |
| 21:50 | Create | Villager (Male) |
| 21:50 | Create | Villager (Male) |
| 21:50 | Create | Villager (Male) |
| 21:56 | Build | Farm |
| 21:57 | Build | Farm |
| 21:57 | Build | Farm |
| 21:57 | Build | Farm |
| 21:59 | Create | Villager (Male) |
| 21:59 | Create | Villager (Male) |
| 22:03 | Build | Farm |
| 22:04 | Create | Villager (Male) |
| 22:04 | Create | Villager (Male) |
| 22:11 | Build | Fish Trap |
| 22:18 | Create | Villager (Male) |
| 22:31 | Create | Villager (Male) |
| 22:32 | Create | Villager (Male) |
| 22:32 | Create | Villager (Male) |
| 22:35 | Create | Villager (Male) |
| 22:38 | Build | Farm |
| 22:38 | Build | Farm |
| 22:38 | Build | Farm |
| 22:39 | Build | Farm |
Build order — Treatment
First 150 of 820 actions detected
| 0:00 | Create | Villager (Male) |
| 0:01 | Create | Villager (Male) |
| 0:01 | Create | Villager (Male) |
| 0:01 | Create | Villager (Male) |
| 0:02 | Create | Villager (Male) |
| 0:03 | Build | House |
| 0:04 | Build | House |
| 0:49 | Research | Loom |
| 0:51 | Create | Villager (Male) |
| 0:51 | Create | Villager (Male) |
| 1:24 | Create | Villager (Male) |
| 1:25 | Create | Villager (Male) |
| 1:25 | Create | Villager (Male) |
| 2:18 | Build | Palisade Wall |
| 2:21 | Create | Villager (Male) |
| 2:42 | Create | Villager (Male) |
| 2:42 | Create | Villager (Male) |
| 3:13 | Build | Lumber Camp |
| 3:16 | Create | Villager (Male) |
| 3:16 | Create | Villager (Male) |
| 3:50 | Build | House |
| 3:54 | Create | Villager (Male) |
| 3:55 | Create | Villager (Male) |
| 4:17 | Create | Villager (Male) |
| 4:46 | Create | Villager (Male) |
| 5:30 | Build | Lumber Camp |
| 5:40 | Create | Villager (Male) |
| 5:55 | Build | House |
| 6:22 | Create | Villager (Male) |
| 6:25 | Build | House |
| 6:57 | Create | Villager (Male) |
| 6:57 | Create | Villager (Male) |
| 7:43 | Create | Villager (Male) |
| 7:44 | Create | Villager (Male) |
| 7:44 | Create | Villager (Male) |
| 7:54 | Build | Mill |
| 9:01 | Create | Villager (Male) |
| 9:02 | Create | Villager (Male) |
| 9:09 | Build | Mining Camp |
| 9:10 | Create | Villager (Male) |
| 10:21 | Create | Villager (Male) |
| 10:24 | Build | Mining Camp |
| 10:26 | Research | Feudal Age |
| 10:26 | Research | Feudal Age |
| 11:19 | Build | Farm |
| 11:21 | Build | Farm |
| 11:31 | Build | Farm |
| 11:39 | Create | Villager (Male) |
| 11:39 | Create | Villager (Male) |
| 12:30 | Build | House |
| 12:33 | Build | House |
| 12:36 | Age | Feudal Age |
| 12:43 | Create | Villager (Male) |
| 12:49 | Build | House |
| 13:04 | Create | Villager (Male) |
| 13:07 | Build | Market |
| 13:08 | Build | Blacksmith |
| 13:25 | Build | Gate |
| 13:42 | Build | Stone Wall |
| 13:44 | Build | Stone Wall |
| 13:47 | Build | Stone Wall |
| 13:49 | Build | Stone Wall |
| 14:06 | Create | Villager (Male) |
| 14:24 | Build | House |
| 14:24 | Research | Castle Age |
| 14:43 | Build | Gate |
| 14:45 | Build | Stone Wall |
| 14:46 | Build | Stone Wall |
| 15:03 | Create | Villager (Male) |
| 15:09 | Build | Farm |
| 15:10 | Research | Double-Bit Axe |
| 15:48 | Create | Villager (Male) |
| 16:10 | Build | Stone Wall |
| 16:12 | Create | Villager (Male) |
| 16:22 | Build | Gate |
| 16:29 | Research | Horse Collar |
| 17:06 | Research | Stone Mining |
| 17:21 | Age | Castle Age |
| 17:29 | Build | Town Center |
| 17:46 | Research | Bow Saw |
| 18:42 | Build | Town Center |
| 18:45 | Create | Villager (Male) |
| 18:45 | Create | Villager (Male) |
| 18:46 | Create | Villager (Male) |
| 19:05 | Build | Castle |
| 19:07 | Create | Villager (Male) |
| 19:07 | Create | Villager (Male) |
| 19:13 | Create | Villager (Male) |
| 19:32 | Create | Villager (Male) |
| 19:32 | Create | Villager (Male) |
| 19:36 | Build | Farm |
| 19:38 | Build | Farm |
| 19:38 | Build | Farm |
| 19:52 | Create | Villager (Male) |
| 19:52 | Create | Villager (Male) |
| 20:04 | Build | Farm |
| 20:07 | Build | Farm |
| 20:08 | Create | Villager (Male) |
| 20:09 | Create | Villager (Male) |
| 20:27 | Build | Mining Camp |
| 20:31 | Create | Villager (Male) |
| 20:32 | Create | Villager (Male) |
| 20:38 | Build | Farm |
| 20:47 | Build | Farm |
| 20:47 | Create | Villager (Male) |
| 20:49 | Create | Villager (Male) |
| 21:12 | Build | Monastery |
| 21:15 | Create | Villager (Male) |
| 21:33 | Create | Villager (Male) |
| 21:35 | Build | Farm |
| 21:36 | Build | Farm |
| 21:39 | Build | Farm |
| 21:53 | Build | Farm |
| 21:55 | Build | Farm |
| 21:57 | Create | Villager (Male) |
| 21:58 | Create | Villager (Male) |
| 21:58 | Create | Villager (Male) |
| 22:00 | Build | Farm |
| 22:02 | Build | Farm |
| 22:09 | Create | Monk |
| 22:19 | Build | Farm |
| 22:21 | Create | Villager (Male) |
| 22:22 | Create | Villager (Male) |
| 22:27 | Build | Farm |
| 22:34 | Build | Farm |
| 22:35 | Build | Farm |
| 22:51 | Create | Villager (Male) |
| 22:51 | Create | Villager (Male) |
| 22:52 | Create | Villager (Male) |
| 23:09 | Create | Villager (Male) |
| 23:12 | Build | Farm |
| 23:15 | Build | Farm |
| 23:21 | Create | Villager (Male) |
| 23:21 | Create | Villager (Male) |
| 23:51 | Build | Town Center |
| 23:55 | Create | Villager (Male) |
| 23:55 | Create | Villager (Male) |
| 23:55 | Create | Villager (Male) |
| 23:55 | Create | Villager (Male) |
| 23:58 | Build | Farm |
| 24:00 | Build | Farm |
| 24:01 | Create | Villager (Male) |
| 24:03 | Build | Lumber Camp |
| 24:27 | Research | Heavy Plow |
| 24:29 | Create | Villager (Male) |
| 24:34 | Build | House |
| 24:35 | Build | House |
| 24:36 | Build | House |
| 24:36 | Build | House |
| 24:37 | Build | House |
Match timeline
| 0:36 | Ober Jetzt · wall_segment Palisade Wall x12 |
| 1:10 | barezzi · wall_segment Palisade Wall x7 |
| 2:18 | Treatment · wall_segment Palisade Wall x9 |
| 4:37 | tamtam · first_building Dock |
| 5:44 | Bello bello Luca · wall_segment Palisade Wall x1 |
| 5:46 | Bello bello Luca · wall_segment Palisade Wall x11 |
| 6:22 | Masai · wall_segment Palisade Wall x8 |
| 8:56 | Bello bello Luca · first_building Dock |
| 9:27 | Ober Jetzt · wall_segment Palisade Wall x11 |
| 9:33 | ExZeCo · wall_segment Palisade Wall x6 |
| 10:40 | ExZeCo · wall_segment Palisade Wall x8 |
| 11:00 | henrygon013 · age_up feudal |
| 11:08 | tamtam · age_up feudal |
| 11:53 | Masai · age_up feudal |
| 11:56 | Bello bello Luca · wall_segment Palisade Wall x9 |
| 11:56 | ExZeCo · age_up feudal |
| 11:58 | Bello bello Luca · wall_segment Palisade Wall x1 |
| 12:08 | henrygon013 · first_building Dock |
| 12:13 | Ober Jetzt · first_building Barracks |
| 12:16 | Bello bello Luca · age_up feudal |
| 12:36 | Treatment · age_up feudal |
| 12:40 | ExZeCo · wall_segment Palisade Wall x1 |
| 12:45 | ExZeCo · wall_segment Palisade Wall x1 |
| 13:42 | Treatment · wall_segment Stone Wall x1 |
| 13:44 | Treatment · wall_segment Stone Wall x1 |
| 13:47 | Treatment · wall_segment Stone Wall x1 |
| 13:49 | Treatment · wall_segment Stone Wall x1 |
| 14:02 | Ober Jetzt · age_up feudal |
| 14:45 | Treatment · wall_segment Stone Wall x4 |
| 14:46 | Treatment · wall_segment Stone Wall x3 |
| 14:48 | ExZeCo · age_up castle |
| 14:53 | Bello bello Luca · wall_segment Stone Wall x9 |
| 15:04 | henrygon013 · age_up castle |
| 15:26 | Bello bello Luca · wall_segment Stone Wall x10 |
| 15:29 | tamtam · age_up castle |
| 16:01 | barezzi · age_up feudal |
| 16:10 | Treatment · wall_segment Stone Wall x12 |
| 16:10 | henrygon013 · first_building Monastery |
| 16:21 | Ober Jetzt · first_building Archery Range |
| 17:03 | Ober Jetzt · first_market_sell 100 wood |
| 17:21 | Treatment · age_up castle |
| 17:32 | Bello bello Luca · wall_segment Stone Wall x10 |
| 17:32 | Masai · age_up castle |
| 18:13 | barezzi · wall_segment Stone Wall x7 |
| 18:14 | barezzi · wall_segment Stone Wall x1 |
| 18:24 | Treatment · first_market_buy 100 wood |
| 18:41 | barezzi · wall_segment Stone Wall x1 |
| 19:05 | Treatment · first_building Castle |
| 19:45 | ExZeCo · first_building Monastery |
| 20:08 | Ober Jetzt · age_up castle |
| 20:25 | Bello bello Luca · age_up castle |
| 20:59 | barezzi · age_up castle |
| 20:59 | barezzi · wall_segment Stone Wall x11 |
| 21:10 | Masai · first_building Castle |
| 21:12 | Treatment · first_building Monastery |
| 21:50 | Ober Jetzt · first_building Monastery |
| 23:37 | barezzi · wall_segment Stone Wall x3 |
| 23:39 | henrygon013 · first_building Castle |
| 23:51 | henrygon013 · first_market_buy 100 wood |
| 24:08 | Bello bello Luca · first_building Monastery |
| 24:50 | henrygon013 · first_building Barracks |
| 24:54 | barezzi · first_building Castle |
| 25:34 | Ober Jetzt · first_building Castle |
| 26:35 | ExZeCo · first_building Stable |
| 27:24 | tamtam · first_building Monastery |
| 27:29 | ExZeCo · first_building Siege Workshop |
| 27:57 | henrygon013 · first_building Siege Workshop |
| 28:14 | ExZeCo · age_up imperial |
| 28:20 | henrygon013 · first_building Archery Range |
| 28:37 | Ober Jetzt · first_building Siege Workshop |
| 28:49 | barezzi · first_building Dock |
| 29:39 | barezzi · first_building Monastery |
| 29:45 | henrygon013 · age_up imperial |
| 30:06 | ExZeCo · first_building Castle |
| 30:06 | Ober Jetzt · wall_segment Stone Wall x15 |
| 30:53 | tamtam · first_building Castle |
| 31:20 | Ober Jetzt · wall_segment Stone Wall x11 |
| 31:21 | Treatment · first_building Barracks |
| 32:06 | barezzi · first_building Barracks |
| 32:19 | Bello bello Luca · first_building Castle |
| 32:21 | Treatment · first_building Stable |
| 33:01 | Treatment · age_up imperial |
| 33:04 | tamtam · first_building Siege Workshop |
| 33:07 | tamtam · first_building Barracks |
| 33:17 | tamtam · age_up imperial |
| 33:30 | Treatment · first_market_sell 100 food |
| 33:57 | Bello bello Luca · age_up imperial |
| 34:11 | tamtam · first_building Archery Range |
| 35:37 | Masai · first_building Barracks |
| 35:49 | Bello bello Luca · first_building Barracks |
| 36:33 | Ober Jetzt · age_up imperial |
| 36:34 | Bello bello Luca · first_building Stable |
| 36:38 | Masai · first_building Siege Workshop |
| 36:51 | Masai · first_building Stable |
| 37:20 | Bello bello Luca · wall_segment Stone Wall x1 |
| 37:27 | Bello bello Luca · wall_segment Stone Wall x12 |
| 37:44 | barezzi · wall_segment Stone Wall x1 |
| 37:54 | barezzi · age_up imperial |
| 38:17 | tamtam · wall_segment Stone Wall x15 |
| 39:46 | Bello bello Luca · wall_segment Stone Wall x1 |
| 40:01 | Masai · first_building Monastery |
| 40:09 | barezzi · first_building Archery Range |
| 40:10 | barezzi · first_building Stable |
| 41:42 | Masai · age_up imperial |
| 41:49 | Bello bello Luca · first_market_sell 500 wood |
| 44:04 | Ober Jetzt · first_market_buy 100 food |
| 46:44 | Masai · first_market_buy 100 food |
| 47:02 | Bello bello Luca · wall_segment Stone Wall x1 |
| 47:26 | barezzi · first_market_sell 500 food |
| 48:26 | Treatment · tribute_sent a jugador 1 |
| 48:26 | Treatment · tribute_sent a jugador 2 |
| 48:26 | Treatment · tribute_sent a jugador 3 |
| 48:26 | Treatment · tribute_sent a jugador 4 |
| 48:26 | Treatment · tribute_sent a jugador 5 |
| 48:26 | Treatment · tribute_sent a jugador 6 |
| 48:26 | Treatment · tribute_sent a jugador 7 |
| 50:23 | ExZeCo · wall_segment Stone Wall x8 |
| 51:29 | Treatment · tribute_sent a jugador 1 |
| 51:29 | Treatment · tribute_sent a jugador 2 |
| 51:29 | Treatment · tribute_sent a jugador 3 |
| 51:29 | Treatment · tribute_sent a jugador 4 |
| 51:29 | Treatment · tribute_sent a jugador 5 |
| 51:29 | Treatment · tribute_sent a jugador 6 |
| 51:29 | Treatment · tribute_sent a jugador 7 |
| 52:32 | Bello bello Luca · first_market_buy 100 food |
| 53:03 | ExZeCo · wall_segment Stone Wall x5 |
| 53:14 | Treatment · tribute_sent a jugador 1 |
| 53:14 | Treatment · tribute_sent a jugador 2 |
| 53:14 | Treatment · tribute_sent a jugador 3 |
| 53:14 | Treatment · tribute_sent a jugador 4 |
| 53:14 | Treatment · tribute_sent a jugador 5 |
| 53:14 | Treatment · tribute_sent a jugador 6 |
| 53:14 | Treatment · tribute_sent a jugador 7 |
| 53:26 | Bello bello Luca · resign |
| 55:42 | barezzi · wall_segment Stone Wall x15 |
| 56:17 | barezzi · wall_segment Stone Wall x14 |
| 56:23 | barezzi · wall_segment Stone Wall x7 |
| 56:25 | barezzi · wall_segment Stone Wall x9 |
| 56:26 | barezzi · wall_segment Stone Wall x4 |
[ AI ANALYSIS · 1 CREDIT ]
What really happened in this match?
Wolo.gg analyzes every decision: build order, eco, micro, common mistakes by bracket. Personalized analysis on WhatsApp or Discord in 30 seconds.
Civ guide
Khmer
Perfil
Jugador #4002760